 Dungeon Crawl Stone Soup version 0.30-a0-782-ge64f9170bb (webtiles) character file.

Game seed: 6816782704526223173

3 senseless the Sneak (level 1, 0/16 HPs)
             Began as an Octopode Delver on Feb 24, 2023.
             Slain by a jackal (2 damage)
             ... on level 5 of the Dungeon.
             The game lasted 00:00:51 (91 turns).

senseless the Sneak (Octopode Delver)                 Turns: 91, Time: 00:00:51

Health: 0/16       AC:  1    Str: 11    XL:     1   Next: 50%
Magic:  1/1        EV: 13    Int: 12    God:
Gold:   0          SH:  0    Dex: 13    Spells: 0/0 levels left

rFire   . . .      SeeInvis .    a - +0 falchion
rCold   . . .      Faith    .    (no shield)
rNeg    . . .      Spirit   .    (helmet restricted)
rPois   .          Reflect  .    (no amulet)
rElec   .          Harm     .    (no ring)
rCorr   .          Rampage  .    (no ring)
Will    .....                    (no ring)
Stlth   ++++                     (no ring)
HPRegen 0.22/turn                (no ring)
MPRegen 0.07/turn                (no ring)
                                 (no ring)
                                 (no ring)

@: no status effects
A: almost no armour, amphibious, 8 rings, camouflage 1, gelatinous body 1,
(nimble swimmer 1), tentacles
a: no special abilities


You were on level 5 of the Dungeon.
You visited 1 branch of the dungeon, and saw 2 of its levels.

Inventory:

Hand Weapons
 a - a +0 falchion (weapon)
Wands
 f - a wand of digging (3)
Scrolls
 b - a scroll of fog
 d - a scroll of fear
Potions
 e - a potion of haste


   Skills:
 + Level 3.0 Fighting
 + Level 2.1 Long Blades
 + Level 2.0 Dodging
 + Level 6.6 Stealth


You couldn't memorise any spells.
You didn't know any spells.
Your spell library was empty.

Dungeon Overview and Level Annotations

Branches:
Dungeon (5/15)
 Temple: D:4-7

Altars:


Innate Abilities, Weirdness & Mutations

You cannot wear most types of armour.
You are amphibious.
You can wear up to eight rings at the same time.
Your skin changes colour to match your surroundings (Stealth+).
Your rubbery body absorbs attacks. (AC +1, EV +1)
((You are camouflaged when in or above water. (Stealth+)))
You have tentacles for arms and can constrict up to eight enemies at once.


Message History

You hit the ball python.
You kill the ball python!
HP restored.
The ogre shouts!
Found 13 gold pieces and a smoky coppery potion.
Found 10 gold pieces.
You see here 13 gold pieces.
A jackal comes into view.
You see here a smoky coppery potion.
A jackal comes into view.
A jackal comes into view.
The jackal barks!
The jackal attacks as you move away! The jackal bites you.
Found 18 gold pieces.
The jackal attacks as you move away! The jackal misses you.
The jackal attacks as you move away! The jackal closely misses you.
The jackal barely misses you.
A jelly comes into view.
Found a stone staircase leading down.
The jackal bites you.
Found 6 gold pieces.
The jackal completely misses you. The jackal attacks as you move away!
The jackal closely misses you.
A ball python comes into view.
The jackal bites you.
There is a stone staircase leading down here.
The jackal bites you. x2
You climb downwards.
The shadow imp shouts, "Despair, thou tottering half-faced snaffler!"
There is a stone staircase leading up here.
The jackal bites you. The jackal attacks as you move away!
The jackal bites you.
* * * LOW HITPOINT WARNING * * *
The jackal barely misses you. The jackal attacks as you move away!
The jackal bites you.
* * * LOW HITPOINT WARNING * * *
The jackal barely misses you. The jackal attacks as you move away!
The jackal bites you.
* * * LOW HITPOINT WARNING * * *
The jackal barely misses you. The jackal bites you.
You die...

***,,,*****,*#.,*,,,.......,,
***,,,***,,,,,..,,,,,.....,,,,
***,,,,****,,,**.#*****...,,,,,,
**,,,,,,,,,,,,*##.#
####.#***,,,*
,,,****,**,,,**#..*
#..<5###.,,** ***,,,*,**,***
#.#* #.###....#,** *,,.*,,,,*
#<# #.#...####,* *,,..,**** #.#
#...#** *,* *,,,#.##*
###@####..## *,*
***,,,#...####..h#....## *,**
,**,,,**#.......^..5#.# *,**
,,,,,,* ###..##.#.#...#* *,,*
,**,,,*##...........#..# **,,
,*######..####..#.#.##.# *,,
,,........>.......$.#*.#** *,,
,*######.#####.##.......,* *,,
,* #.,,,,..,..#######* *,,


You could see a jackal.

Vanquished Creatures
  An endoplasm (D:4)
  A quokka (D:4)
  A ball python (D:4)
3 creatures vanquished.

Notes
Turn   | Place    | Note
-------+----------+-------------------------------------------
     0 | D:5      | senseless the Octopode Delver began the quest for the Orb.
     0 | D:5      | Reached XP level 1. HP: 16/16 MP: 1/1
    19 | D:4      | Noticed an ogre
    71 | D:4      | Noticed a jelly
    80 | D:5      | Noticed an ogre
    91 | D:5      | Slain by a jackal

Illustrated notes

Levels and vault maps discovered:
D:4:      layout_cave_pools
D:5:      layout_rooms, serial_glass, glass_columns_b, glass_columns_b,
          glass_columns_a, glass_columns_c, glass_columns_a, glass_columns_c,
          glass_columns_a, glass_columns_c, uniq_menkaure

Action                     || total
---------------------------++-------
  Melee: Falchion          ||     4
         Constrict         ||     1
    Use: Scroll            ||     1
   Stab: Sleeping          ||     1
  Dodge: Dodged            ||    10

Table legend: (Time is in decaauts)
 A = Elapsed time spent in this place.
 B = Non-inter-level travel time spent in this place.
 C = Inter-level travel time spent in this place.
 D = Time resting spent in this place.
 E = Time spent auto-exploring this place.
 F = Levels seen in this place.
 G = Mean time per level.
                   A        B        C        D        E       F      G
               +--------+--------+--------+--------+--------+-----+--------+
         Total |     91 |     79 |     12 |      0 |     19 |   2 |   45.5 |
       Dungeon |     91 |     79 |     12 |      0 |     19 |   2 |   45.5 |
               +--------+--------+--------+--------+--------+-----+--------+

Top non-repeatable levels by time:
     D:4: 66 daAuts
     D:5: 24 daAuts
